 Dungeon Crawl Stone Soup version 0.30.1-3-gfc49f6343a (webtiles) character file.

Game seed: 2108069709172363915

5 Peloso the Trooper (level 1, 18/18 HPs)
             Began as a Minotaur Fighter on July 19, 2023.
             Got out of the dungeon alive.
             The game lasted 00:00:22 (123 turns).

Peloso the Trooper (Minotaur Fighter)                Turns: 123, Time: 00:00:22

Health: 18/18      AC:  9    Str: 20    XL:     1   Next: 66%
Magic:  0/0        EV:  9    Int:  5    God:
Gold:   11         SH:  4    Dex:  9    Spells: 0/0 levels left

rFire   . . .        a - +0 long sword
rCold   . . .        c - +0 buckler
rNeg    . . .        b - +0 scale mail
rPois   .            (helmet restricted)
rElec   .            (no cloak)
rCorr   .            (no gloves)
SInv    .            (no boots)
Will    .....        (no amulet) Stlth
                     (no ring)
HPRegen 0.23/turn    (no ring)
MPRegen 0.07/turn

%: no passive effects
@: no status effects
A: horns 2, retaliatory headbutt, iridescent scales 1, frail 1
a: no special abilities


You escaped.
You visited 1 branch of the dungeon, and saw 1 of its levels.

You collected 11 gold pieces.

Inventory:

Hand Weapons
 a - a +0 long sword (weapon)
Armour
 b - a +0 scale mail (worn)
 c - a +0 buckler (worn)
Potions
 d - a potion of might


   Skills:
 + Level 3.9 Fighting
 + Level 2.4 Long Blades
 + Level 3.7 Armour
 + Level 3.7 Shields


You couldn't memorise any spells.
You didn't know any spells.
Your spell library was empty.

Dungeon Overview and Level Annotations

Branches:
Dungeon (1/15)

Altars:


Innate Abilities, Weirdness & Mutations

You have a pair of horns on your head.
You reflexively headbutt those who attack you in melee.
You are partially covered in iridescent scales. (AC +2)
You are frail. (-10% HP)


Message History

You completely miss the endoplasm. You headbutt the endoplasm.
You kill the endoplasm!
The endoplasm freezes you.
You are frozen.
* * * LOW HITPOINT WARNING * * *
Unknown command.
You hit the endoplasm. You headbutt the endoplasm.
You kill the endoplasm!
Unknown command.
HP restored.
As you open the door, it creaks loudly!
A quokka comes into view.
A quokka is nearby!
A quokka is nearby!
There is an open door here.
You block the quokka's attack.
You closely miss the quokka. Your headbutt misses the quokka.
The quokka barely misses you.
You barely miss the quokka. You headbutt the quokka.
The quokka is lightly wounded.
The quokka bites you but does no damage.
The quokka barely misses you.
You miss the quokka.
The quokka is lightly wounded.
You block the quokka's attack.
You closely miss the quokka.
The quokka is lightly wounded.
The quokka bites you. The quokka barely misses you. You furiously retaliate!
You headbutt the quokka!
You kill the quokka!
It was a potion of mutation.
You feel extremely strange.
Iridescent scales grow over part of your body.
You feel frail.
(D) Dungeon
Where to? (? - help)
What level of the Dungeon? (default 1, ? - help)
There is an open door here.
There is a staircase leading out of the dungeon here.
Are you sure you want to leave the Dungeon?
This will make you lose the game!
You have escaped!

..##...............#
............##.....
#..................
..#####'#####......
..#PPP#.#PPP#......
..#P⌠P#.#P⌠P#......
..#PPP#.#PPP#.....
..#####.#####.#..#
..+....@....+....#
..#####.#####.#
..#PPP#.#PPP#.#
..#P⌠P#.#P⌠P#.#
..#PPP#.#PPP#.#
..#####+#####.#
..... . . ....# ....
# . ....


There were no monsters in sight!

Vanquished Creatures
  2 endoplasms (D:1)
  A goblin (D:1)
  A quokka (D:1)
4 creatures vanquished.

Notes
Turn   | Place    | Note
-------+----------+-------------------------------------------
     0 | D:1      | Peloso the Minotaur Fighter began the quest for the Orb.
     0 | D:1      | Reached XP level 1. HP: 19/19 MP: 0/0
   100 | D:1      | Gained mutation: You are partially covered in iridescent
                  | scales. (AC +2) [potion of mutation]
   100 | D:1      | Gained mutation: You are frail. (-10% HP) [potion of
                  | mutation]
   123 | D:$      | Got out of the dungeon alive.

Illustrated notes

Levels and vault maps discovered:
D:1:      beargit_arrival_greenhouse, layout_basic, minmay_pentomino_w2

Action                     || total
---------------------------++-------
  Melee: Long sword        ||    10
         Headbutt          ||     3
    Use: Potion            ||     1
 Armour: Scale mail        ||     3
  Dodge: Dodged            ||     6
  Block: Buckler           ||     4
